Map: Oxide LE

Players

Waylander - Winner!

  • Race: Protoss Protoss
  • League: Diamond
  • Spawn Location: 1:00

Massa

  • Race: Terran Terran
  • League: Platinum
  • Spawn Location: 7:00

VOD

Have the link to the VOD?

Description

Time

  • Played on: Jan. 23, 2021, 4:45 p.m.
  • Length: 15:35
Show
View Real Time Build Order
Export as new Build Order

Waylander Protoss - Winner!

Build Orders: 1 Gate Expand, Blink Stalkers 

Get SALT Encoding   

  12  0:00  Probe  
  13  0:12  Probe  
  14  0:18  Pylon  
  14  0:24  Probe  
  15  0:38  Probe (Chrono Boost), Gateway  
  16  0:49  Probe (Chrono Boost), Assimilator  
  17  0:54  Probe (Chrono Boost)  
  18  1:05  Probe  
  18  1:06  Assimilator  
  19  1:23  Probe  
  20  1:29  Cybernetics Core  
  20  1:42  Nexus  
  20  1:48  Pylon  
  20  1:51  Probe  
  21  2:03  Probe, Adept (Chrono Boost)  
  21  2:07  Warp Gate  
  24  2:21  Probe  
  25  2:26  Stalker (Chrono Boost)  
  27  2:40  Pylon  
  27  2:41  Twilight Council  
  27  2:52  Probe  
  27  2:53  Stalker (Chrono Boost)  
  27  2:54  Probe  
  31  3:04  Probe  
  32  3:06  Probe  
  32  3:11  Blink (Chrono Boost)  
  32  3:12  Gateway  
  33  3:16  Probe  
  34  3:29  Probe x2  
  34  3:33  Assimilator  
  36  3:36  Robotics Facility  
  36  3:45  Probe x2  
  38  3:55  Shield Battery  
  38  3:57  Probe x2 (Chrono Boost)  
  38  3:59  Stalker  
  42  4:07  Pylon  
  42  4:09  Probe (Chrono Boost)  
  44  4:12  Stalker  
  44  4:15  Probe (Chrono Boost)  
  46  4:22  Probe (Chrono Boost)  
  47  4:24  Templar Archives  
  47  4:27  Probe  
  48  4:32  Immortal (Chrono Boost)  
  48  4:33  Probe  
  53  4:39  Pylon  
  51  4:46  Stalker  
  51  4:49  Stalker  
  55  4:54  Probe x2  
  57  5:11  Probe x2  
  57  5:14  Sentry x2  
  63  5:19  Assimilator, Immortal  
  67  5:23  Probe x2  
  69  5:33  Psionic Storm  
  69  5:35  Probe  
  70  5:43  Pylon  
  70  5:44  Pylon  
  70  6:00  Nexus  
  70  6:01  Probe x2, Observer, Pylon  
  70  6:03  Pylon  
  73  6:13  Probe  
  73  6:14  Stalker x2  
  73  6:17  Probe  
  79  6:19  Pylon  
  80  6:25  Probe  
  80  6:29  Probe  
  81  6:34  Gateway  
  81  6:35  Gateway  
  81  6:37  Probe  
  81  6:38  Gateway  
  81  6:39  Gateway  
  82  6:41  Probe  
  82  6:42  High Templar x2  
  87  6:49  Probe  
  87  6:53  Probe  
  89  6:57  Forge  
  89  6:58  Forge  
  89  7:02  Probe  
  89  7:05  Probe  
  89  7:06  Shield Battery  
  91  7:09  Shield Battery  
  91  7:10  Observer, Charge (Chrono Boost)  
  91  7:14  Probe  
  93  7:16  Probe  
  93  7:17  Probe, Zealot x2  
  99  7:26  Probe  
  99  7:28  Probe  
  102  7:30  Probe  
  102  7:32  High Templar  
  102  7:33  High Templar  
  102  7:35  Zealot x2  
  110  7:38  Assimilator  
  110  7:44  Assimilator  
  97  7:55  Zealot  
  97  7:56  Zealot x3  
  101  8:04  Probe x2  
  103  8:08  Probe  
  104  8:16  Probe x2  
  103  8:27  Zealot  
  103  8:28  Zealot x4  
  99  8:43  Zealot  
  97  8:54  Stalker x4  
  97  8:55  Stalker  
  97  9:09  Zealot  
  97  9:19  Protoss Ground Weapons Level 1 (Chrono Boost), Protoss Ground Armor Level 1 (Chrono Boost)  
  97  9:25  Observer, Pylon  
  97  9:30  Gateway  
  97  9:31  Gateway  
  97  9:46  Nexus  
  97  9:47  Observer  
  97  9:48  Pylon x2  
  97  9:50  High Templar x5  
  108  9:54  High Templar  
  108  9:55  Archon x2  
  108  9:58  Archon  
  108  10:10  Warp Prism (Chrono Boost)  
  110  10:19  Probe x2  
  112  10:22  Gateway  
  112  10:23  Gateway  
  112  10:27  Robotics Facility  
  112  10:32  Robotics Bay  
  112  10:36  Zealot x8  
  128  10:45  Shield Battery  
  128  10:47  Shield Battery  
  128  10:48  Shield Battery  
  128  10:51  Photon Cannon  
  128  10:53  Photon Cannon  
  128  10:54  Photon Cannon  
  128  11:03  Immortal (Chrono Boost)  
  128  11:08  Protoss Ground Weapons Level 2 (Chrono Boost), Protoss Ground Armor Level 2 (Chrono Boost), Extended Thermal Lance (Chrono Boost)  
  132  11:15  Pylon x2  
  132  11:21  Observer  
  132  11:23  Colossus (Chrono Boost)  
  138  11:32  Observer  
  138  11:35  High Templar x3  
  138  11:37  High Templar  
  138  11:38  Zealot  
  138  11:39  Zealot x5  
  156  11:49  Probe x3  
  156  11:51  Probe  
  160  11:57  Colossus (Chrono Boost)  
  160  12:01  Probe x3  
  168  12:03  Probe  
  170  12:08  Assimilator  
  170  12:10  Assimilator  
  170  12:11  Zealot x4  
  170  12:13  Probe x2  
  180  12:18  Pylon  
  180  12:19  Pylon  
  180  12:32  Probe, Colossus (Chrono Boost)  
  181  12:40  Colossus (Chrono Boost)  
  185  13:19  Colossus  
  191  13:32  Colossus  
  163  13:59  Zealot x3  
  163  14:00  Zealot x7  
  175  14:21  Archon  
  175  14:23  Archon  
  169  14:33  High Templar x5  
  169  14:34  High Templar x5  
  175  15:00  Archon x2  
  175  15:04  Archon  
Show
View Real Time Build Order
Export as new Build Order

Massa Terran 

Build Orders:  

Get SALT Encoding   

  12  0:01  SCV  
  13  0:13  SCV  
  14  0:20  Supply Depot  
  14  0:25  SCV  
  15  0:41  SCV  
  16  0:43  Barracks  
  16  0:46  Refinery  
  16  0:53  SCV  
  17  1:05  SCV  
  18  1:18  SCV  
  19  1:30  Orbital Command  
  19  1:46  Barracks Reactor  
  19  1:57  SCV  
  20  2:05  Command Center  
  20  2:07  Barracks  
  20  2:22  Marine x2  
  22  2:32  Bunker  
  22  2:35  SCV, Factory  
  23  2:47  Supply Depot  
  23  3:02  Marine  
  23  3:09  Marine  
  23  3:10  Barracks Tech Lab  
  24  3:19  Orbital Command  
  24  3:20  Marine  
  24  3:26  Factory Tech Lab, Marine, Supply Depot  
  26  3:33  SCV  
  27  3:37  Marine  
  28  3:43  Starport  
  28  3:44  Marine  
  28  3:45  SCV  
  30  3:49  SCV  
  31  3:55  Marine  
  31  3:57  Stimpack  
  31  3:58  SCV, Marine  
  31  4:02  Widow Mine, Marine  
  37  4:05  SCV  
  38  4:10  SCV  
  39  4:18  Marine x2  
  39  4:20  Starport Reactor, Marine  
  39  4:23  Widow Mine  
  44  4:36  Marine  
  45  4:51  SCV x2  
  47  4:59  Barracks  
  47  5:01  Barracks  
  47  5:02  Barracks  
  47  5:03  SCV x2  
  47  5:05  Engineering Bay  
  47  5:06  Command Center  
  49  5:13  Marine x2  
  49  5:14  Marauder  
  53  5:15  SCV  
  53  5:19  SCV  
  48  5:30  Marine  
  48  5:35  Marauder, Marine  
  47  5:37  Concussive Shells  
  47  5:38  SCV x2  
  49  5:48  Marine, Siege Tank  
  53  5:50  SCV  
  53  5:51  Refinery  
  54  6:01  Supply Depot  
  54  6:03  Supply Depot  
  54  6:04  Supply Depot  
  54  6:05  Supply Depot  
  54  6:06  Supply Depot  
  54  6:17  Marine x5  
  54  6:18  SCV x2, Marauder  
  63  6:27  SCV  
  63  6:30  SCV x2  
  66  6:37  Missile Turret  
  66  6:38  Missile Turret  
  66  6:39  SCV  
  67  6:43  Missile Turret  
  67  6:45  Medivac  
  69  6:51  Refinery, Marauder, Marine x2  
  69  6:53  Refinery  
  73  7:13  Marauder  
  75  7:17  Siege Tank  
  78  7:24  Barracks Tech Lab  
  78  7:27  Barracks Tech Lab  
  78  7:33  Marine  
  78  7:34  Marauder, Marine x2  
  82  7:51  Marine x2  
  82  7:52  Marine  
  82  7:55  Marauder  
  87  8:01  SCV x2  
  89  8:09  Marine x3  
  89  8:10  Terran Infantry Weapons Level 1  
  89  8:12  Ghost Academy  
  92  8:13  SCV, Armory  
  92  8:14  SCV, Medivac x2  
  92  8:17  Marauder  
  100  8:25  SCV  
  100  8:26  SCV  
  99  8:27  Marine  
  99  8:38  SCV x2  
  101  8:50  SCV  
  101  8:55  Marauder x3, Marine  
  88  8:56  Marine  
  69  9:10  Barracks Tech Lab  
  69  9:13  Marine x2, Planetary Fortress  
  69  9:14  SCV x2  
  69  9:16  Marauder x2  
  69  9:17  Marauder  
  78  9:21  Refinery, Sensor Tower  
  78  9:26  SCV  
  78  9:27  SCV  
  78  9:29  Refinery  
  80  9:31  Marine x2  
  80  9:34  Siege Tank  
  80  9:38  Marauder x3  
  91  9:39  SCV x2  
  93  9:48  Sensor Tower  
  93  9:49  Marine x2  
  93  9:51  SCV  
  96  9:55  SCV x2  
  96  9:56  Marauder  
  96  9:58  Ghost x2  
  96  9:59  Marauder  
  106  10:03  SCV  
  107  10:07  SCV, Marine  
  109  10:18  Command Center  
  109  10:19  Starport  
  109  10:22  Command Center  
  109  10:26  Supply Depot  
  109  10:28  Supply Depot  
  109  10:33  Terran Infantry Weapons Level 2  
  109  10:36  Supply Depot  
  109  10:48  Marauder, Marine x2, Missile Turret, Medivac x2  
  109  10:49  SCV, Ghost, Siege Tank  
  125  10:50  Marauder  
  125  10:58  SCV x2  
  125  11:00  Starport Tech Lab, Supply Depot  
  125  11:02  Terran Vehicle Weapons Level 1  
  127  11:05  Marine  
  127  11:10  SCV  
  127  11:11  SCV x2  
  131  11:22  SCV, Siege Tank  
  131  11:23  SCV  
  131  11:25  Marauder  
  140  11:26  Marauder  
  140  11:27  Combat Shield  
  140  11:37  Supply Depot  
  140  11:38  Planetary Fortress  
  140  11:43  Sensor Tower  
  138  11:48  Missile Turret  
  138  11:52  Planetary Fortress  
  138  11:54  Siege Tank  
  138  11:56  SCV x3, Sensor Tower  
  144  12:02  Engineering Bay  
  144  12:08  SCV x3  
  147  12:10  Refinery x2, Ghost x4, Supply Depot  
  147  12:11  Marine x2, Supply Depot  
  147  12:14  Supply Depot  
  157  12:20  Refinery, SCV x3  
  160  12:29  Marine x2  
  162  12:32  SCV  
  162  12:35  Supply Depot  
  162  12:36  Supply Depot  
  163  12:39  Marine x2  
  163  12:40  Supply Depot  
  165  12:47  Marauder x2, Marine x2  
  165  12:49  Siege Tank  
  165  12:50  Medivac  
  176  12:57  Marauder x2  
  180  12:58  Raven  
  180  13:00  Supply Depot  
  182  13:07  SCV x5  
  182  13:08  Marauder x2  
  182  13:12  Refinery  
  191  13:18  Marauder  
  191  13:19  SCV  
  194  13:21  Siege Tank  
  188  13:28  Command Center  
  137  13:53  Siege Tank  
  122  13:56  Marauder x4  
  122  13:57  Marine x2  
  113  14:15  Marine x2  
  112  14:17  Marauder x2, Medivac x3  
  112  14:18  Marauder x2  
  121  14:25  Siege Tank  
  124  14:33  Marine x2  
  125  14:38  Marine x2  
  125  14:39  Marauder x2  
  126  14:47  Medivac  
  126  14:50  Marine  
  126  14:51  Marine  
  109  14:57  Marauder x2, Siege Tank  
  109  14:59  Marine  
  105  15:01  Marauder  
  108  15:09  Marine x2  
Tags
 
Composition
Blink Stalkers
Matchup
PvT
Replay Pack
Multiplayer
Spawn Locations
Cross Positions
Add a new tag
Caveats
  • Supply blocks, unpowered buildings, or Contaminate may cause inaccurate times.
  • Supply counts are checked every 10 seconds.